 Dungeon Crawl Stone Soup version 0.27.1-33-g824d729ab1 (webtiles) character file.

Game seed: 6919540372552315084

107 MisterFreud the Chopper (level 4, -2/39 HPs)
             Began as a Hill Orc Abyssal Knight on Dec 18, 2021.
             Was a Believer of Lugonu.
             Slain by a scorpion (5 damage)
             ... on level 3 of the Dungeon.
             The game lasted 00:03:12 (4043 turns).

MisterFreud the Chopper (Hill Orc Abyssal Knight)   Turns: 4043, Time: 00:03:12

Health: -2/39      AC:  5    Str: 15    XL:     4   Next: 86%
Magic:  5/5        EV: 11    Int: 12    God:    Lugonu [**....]
Gold:   99         SH:  0    Dex: 10    Spells: 3/3 levels left

rFire    . . .     SeeInvis .   a - +1 hand axe
rCold    . . .     Faith    .   (no shield)
rNeg     . . .     Spirit   .   b - +0 leather armour
rPois    .         Reflect  .   f - +0 helmet
rElec    .         Harm     .   l - +0 cloak
rCorr    .         Rampage  .   (no gloves)
Will     .....                  (no boots)
Stlth    +.........             (no amulet)
HPRegen  0.13/turn              (no ring)
MPRegen  0.09/turn              (no ring)

@: lethally poisoned (-2 -> -11), attractive
A: no striking features
a: Renounce Religion, Depart the Abyss, Bend Space


You were on level 3 of the Dungeon.
You worshipped Lugonu.
Lugonu was pleased with you.
You visited 1 branch of the dungeon, and saw 3 of its levels.
You visited the Abyss 1 time.

You collected 99 gold pieces.

Inventory:

Hand Weapons
 a - a +1 hand axe (weapon)
Armour
 b - a +0 leather armour (worn)
 f - a +0 helmet (worn)
 l - a +0 cloak (worn)
Jewellery
 h - a ring of ice
Scrolls
 d - 2 scrolls of identify
 g - a scroll of teleportation
 i - a scroll of enchant armour {unknown}
 k - a scroll of vulnerability {unknown}
Potions
 c - a potion of curing
 e - 4 potions of attraction
 j - a potion of lignification {unknown}


   Skills:
 - Level 3.6 Fighting
 + Level 6.5 Axes
 - Level 2.1 Armour
 - Level 0.7 Dodging
 - Level 2.4 Invocations


You had 3 spell levels left.
You didn't know any spells.
Your spell library contained the following spells:

 Spells                   Type           Power      Damage    Failure   Level
 Slow                     Hex            0%         N/A       52%         2
 Confusing Touch          Hex            0%         N/A       77%         3
 Vampiric Draining        Necr           0%         2d6       77%         3


Dungeon Overview and Level Annotations

Branches:
Dungeon (3/15)

Altars:

Shops:
D:1 [


Message History

The scorpion poisons you!
You hit the scorpion.
The scorpion is lightly wounded.
You feel very sick. The scorpion stings you! The scorpion closely misses you.
You feel sick.
You feel sick.
You feel sick.
You feel sick.
You feel sick. The scorpion stings you.
You are lethally poisoned!
The scorpion poisons you!
You feel very sick.
* * * LOW HITPOINT WARNING * * *
You feel very sick.
* * * LOW HITPOINT WARNING * * *
You feel very sick.
It was a potion of attraction.
You feel attractive to monsters.
* * * LOW HITPOINT WARNING * * *
You feel sick. The scorpion barely misses you.
Unknown command.
Really quaff the potion of attraction?
Okay, then.
Unknown command.
It was a potion of curing.
You feel better. The scorpion stings you.
* * * LOW HITPOINT WARNING * * *
The scorpion stings you.
* * * LOW HITPOINT WARNING * * *
You are lethally poisoned!
The scorpion poisons you!
Unknown command.
Unknown command.
As you read the scroll labelled XEIRROTIMN, it crumbles to dust.
It is a scroll of identify.
g - a scroll of teleportation
* * * LOW HITPOINT WARNING * * *
You feel very sick. The scorpion stings you.
You die...

...###....).#.# #......... ...#
#.#.#.##.# #.........
######.#.#.##.##########.........
................................
#####.#<#.##.#############.#####
#.###.##.# #.#
######...#.##.#############.#####
.................................
########.#.##.#.@s...............
########.#.##.#.############.####
.........#.##.#.### #######.)###
##########.##.....# #.......).##
...........##...#.# #.........##
#.....#######...#.####.........##
.......# .....#................
#......# ####..##############.##
#......# #..# #)##


You could see a scorpion.

Vanquished Creatures
  An orc wizard (D:3)
  2 adders
  2 worms (D:3)
  A dart slug (D:1)
  9 orcs (D:3)
  6 bats
  3 endoplasms
  3 goblins
  3 hobgoblins
  4 jackals (D:2)
  A quokka (D:2)
  5 ball pythons
  A frilled lizard (D:2)
  4 kobolds
  4 rats
49 creatures vanquished.

Notes
Turn   | Place    | Note
-------+----------+-------------------------------------------
     0 | Abyss:1  | MisterFreud the Hill Orc Abyssal Knight began the quest for
                  | the Orb.
     0 | Abyss:1  | Reached XP level 1. HP: 19/19 MP: 2/2
    18 | D:1      | Escaped the Abyss
   101 | D:1      | Reached skill level 3 in Axes
   452 | D:1      | Reached XP level 2. HP: 12/26 MP: 3/3
   703 | D:1      | Found Weipnua's Antique Armour Shoppe.
   837 | D:1      | You fall into a shaft and drop 1 floor!
   858 | D:2      | Reached skill level 4 in Axes
  1507 | D:2      | You fall into a shaft and drop 1 floor!
  1943 | D:2      | Reached XP level 3. HP: 27/31 MP: 4/4
  2057 | D:2      | Reached ** piety under Lugonu
  2275 | D:2      | Reached skill level 5 in Axes
  2665 | D:3      | Reached XP level 4. HP: 29/39 MP: 5/5
  2676 | D:3      | Reached skill level 6 in Axes
  3751 | D:3      | Noticed a scorpion
  4043 | D:3      | Slain by a scorpion

Illustrated notes

Levels and vault maps discovered:
D:1:      heliophobic_arrival_dark_side_of_the_moon, layout_basic, serial_shops,
          shop_fountains, shapermc_ecumenical_altar_pompeii
D:2:      layout_loops_corners
D:3:      layout_basic, serial_glass, glass_columns_c, glass_columns_b

Skill      XL: |  1  2  3  4 |
---------------+-------------+-----
Axes           | 3 4 5 6 |  6.5
Fighting       | |  3.6
Armour         | |  2.1
Dodging        | |  0.7
Invocations    | |  2.4

Action                   |  1- 3 |  4- 6 || total
-------------------------+-------+-------++-------
Melee: Hand axe          |   134 |    68 ||   202
  Use: Potion            |       |     2 ||     2
       Scroll            |       |     1 ||     1
 Stab: Sleeping          |     1 |       ||     1
Armor: Leather armour    |    45 |    10 ||    55
Dodge: Dodged            |    79 |    26 ||   105
